 Dungeon Sprint DCSS version 0.24-a0-250-g6074511092 (webtiles) character file.

Game seed: 14694641484422391731

54 Redear the Skirmisher (level 3, 0/31 HPs)
             Began as a Demonspawn Fighter on Apr 15, 2019.
             Slain by a scorpion (4 damage)
             ... in the Dungeon (Sprint III: "The Ten Rune Challenge").
             The game lasted 00:01:01 (444 turns).

Redear the Skirmisher (Demonspawn Fighter)           Turns: 444, Time: 00:01:02

Health: 0/31       AC:  6    Str: 16    XL:     3   Next: 66%
Magic:  3/3        EV: 10    Int:  9    God:
Gold:   0          SH:  0    Dex: 13    Spells: 2/2 levels left

rFire    . . .     SeeInvis .   a - +0 long sword
rCold    . . .     Gourm    .   (no shield)
rNeg     . . .     Faith    .   b - +0 scale mail
rPois    .         Spirit   .   (no helmet)
rElec    .         Reflect  .   (no cloak)
rCorr    .         Harm     .   (no gloves)
MR       .....     NoTele   +   (no boots)
Stlth    ..........             (no amulet)
HPRegen  0.10/turn              (no ring)
MPRegen  0.08/turn              (no ring)

@: lethally poisoned (0 -> -14)
A: claws 1, rot immunity
a: no special abilities


You were in the Dungeon.
You were not hungry.

You visited 1 branch

Inventory:

Hand Weapons
 a - a +0 long sword (weapon)
Armour
 b - a +0 scale mail (worn)
 c - a +0 shield
Wands
 V - a wand of flame (9)
Scrolls
 B - a scroll of blinking {@r4}
Potions
 d - a potion of might {Str+5 DMG+1d10 | @q3}
 i - 2 potions of magic
 j - a potion of berserk rage
 H - a potion of haste {@q5}
 Q - a potion of curing (quivered) {@q2}
Comestibles
 z - a ration


   Skills:
 + Level 4.6 Fighting
 - Level 3.3 Long Blades
 - Level 2.6 Armour
 + Level 3.0 Dodging
 + Level 4.2 Shields
 + Level 1.2 Unarmed Combat


You had 2 spell levels left.
You didn't know any spells.
Your spell library was empty.

Dungeon Overview and Level Annotations

Branches:
Dungeon (1/1)

Altars:


Innate Abilities, Weirdness & Mutations

You have sharp fingernails.
You are immune to rotting.


Message History

You take 5 damage, and have 13/31 hp.
You hit the scorpion.
The scorpion is lightly wounded.
You feel sick. The scorpion stings you.
You are lethally poisoned!
The scorpion poisons you!
You take 3 damage, and have 10/31 hp.
You slash the scorpion!
The scorpion is heavily wounded.
* * * LOW HITPOINT WARNING * * *
You feel sick. The scorpion stings you.
* * * LOW HITPOINT WARNING * * *
You take 4 damage, and have 6/31 hp.
Quiver which item? (- for none, * to show all) (? for menu, Esc to quit)
Quivering
Q - a potion of curing {@q2} for throwing.
You hit the scorpion.
The scorpion is almost dead.
* * * LOW HITPOINT WARNING * * *
You feel sick. The scorpion stings you.
You die...

▓<..#)..####
▓...#......## .#
▓..##.).....# .#
▓##.##.##...# ..#
##.##.###..# ..#
▓#.####.##..# ...+
▓.###..##.÷## #...#
▓#.....##..###....#
###..##...##@....#
##..##....#..s...#
#..###..##÷#.....#
#..# #.. ####....#
▓▓▓▓ ▓▓▓ ▓▓▓▓▓


You could see a scorpion.

Vanquished Creatures
  Jessica (D)
  A human (D)
  2 oozes (D)
  A rat (D)
5 creatures vanquished.

Vanquished Creatures (others)
  2 draconian scorchers (D)
  6 hellions (D)
  A yaktaur (D)
  2 plants (D)
11 creatures vanquished.

Grand Total: 16 creatures vanquished

Notes
Turn   | Place    | Note
-------+----------+-------------------------------------------
     0 | D        | Redear the Demonspawn Fighter began the quest for the Orb.
     0 | D        | Reached XP level 1. HP: 18/18 MP: 1/1
    14 | D        | Reached skill level 2 in Long Blades
    14 | D        | Reached skill level 1 in Dodging
    14 | D        | Reached skill level 3 in Shields
    18 | D        | Gained mutation: You are immune to rotting. [demonic
                  | ancestry]
    18 | D        | Reached XP level 2. HP: 18/24 MP: 2/2
    37 | D        | Noticed Jessica
    50 | D        | Killed Jessica
    50 | D        | Reached skill level 4 in Fighting
    50 | D        | Reached skill level 3 in Long Blades
    50 | D        | Reached skill level 2 in Dodging
    50 | D        | Gained mutation: You have sharp fingernails. [demonic
                  | ancestry]
    50 | D        | Reached XP level 3. HP: 13/31 MP: 3/3
    74 | D        | Killed a hellion
    75 | D        | Killed a hellion
    76 | D        | Killed a hellion
   117 | D        | Killed a hellion
   138 | D        | Killed a hellion
   183 | D        | Killed a hellion
   188 | D        | HP: 3/31 [human (1)]
   190 | D        | Reached skill level 3 in Dodging
   190 | D        | Reached skill level 4 in Shields
   190 | D        | Reached skill level 1 in Unarmed Combat
   193 | D        | Killed a white draconian scorcher
   234 | D        | Killed a white draconian scorcher
   240 | D        | Killed a yaktaur
   436 | D        | Noticed a scorpion
   444 | D        | Slain by a scorpion

Levels and vault maps discovered:
D:        dungeon_sprint_mu [sprint_mu_entry_cave, sprint_mu_temple_rooms,
          sprint_mu_d1_horrors, sprint_mu_d2_genie, sprint_mu_d3_branching,
          sprint_mu_orc_legion, sprint_mu_elf_gauntlet, sprint_mu_hive_nellie,
          sprint_mu_lair_fedhas, sprint_mu_vaults_butterflies,
          sprint_mu_slime_circle, sprint_mu_swamp_cave, sprint_mu_shoals_archi,
          sprint_mu_blade_basic, sprint_mu_crypt_lich, sprint_mu_tomb_spiral,
          sprint_mu_vestibule_basic, sprint_mu_gehenna_hellfire,
          sprint_mu_dis_giant, sprint_mu_tartarus_statrot,
          sprint_mu_cocytus_islands, sprint_mu_zot1]

Skill      XL: |  1  2  3 |
---------------+----------+-----
Long Blades    | 2 3 |  3.3
Dodging        | 1 2 3 |  3.0
Shields        | 3 4 |  4.2
Fighting       | 4 |  4.6
Unarmed Combat | 1 |  1.2
Armour         | |  2.6

Action                   || total
-------------------------++-------
Melee: Long sword        ||    45
  Use: Potion            ||     2
Armor: Scale mail        ||    11
Dodge: Dodged            ||    14
       Rpst.: Long sword ||     3

Table legend:
 A = Non-vault XP
 B = Vault XP
 C = Vault XP percentage of total XP
 D = Non-vault monster count
 E = Vault monster count
 F = Vault count percentage of total count
                 A         B        C        D         E       F
            +---------+---------+-------+---------+---------+-------
      Total |       0 |      78 | 100.0 |       0 |       5 | 100.0
            +---------+---------+-------+---------+---------+-------
          D |       0 |      78 | 100.0 |       0 |       5 | 100.0
            +---------+---------+-------+---------+---------+-------
